 Dungeon Crawl Stone Soup version 0.30-a0-953-g5f1da4a474 (webtiles) character file.

Game seed: 3887036866316366252

2209 Monkooky the Basher (level 9, -4/49 HPs)
             Began as a Vine Stalker Berserker on Mar 28, 2023.
             Was a Priest of Trog.
             Slain by Maggie
             ... wielding a +0 glaive
              (12 damage)
             ... on level 6 of the Dungeon.
             The game lasted 00:07:35 (4737 turns).

Monkooky the Basher (Vine Stalker Berserker)        Turns: 4737, Time: 00:07:36

Health: -4/49      AC: 11    Str: 24    XL:     9   Next: 34%
Magic:  0/10       EV:  7    Int:  7    God:    Trog [***...]
Gold:   48         SH:  0    Dex: 24    Spells: 8/8 levels left

rFire   . . .      SeeInvis .    k - +0 flail
rCold   . . .      Faith    +    (no shield)
rNeg    . . .      Spirit   +    E - +1 plate armour of Elyvilon's Hatred {Dex+4}
rPois   .          Reflect  .    (no helmet)
rElec   .          Rampage  .    (no cloak)
rCorr   .                        (no gloves)
Will    +++..                    (no boots) Stlth
                                 y - amulet of faith
HPRegen 2.08/turn                p - +6 ring of dexterity
MPRegen 0.12/turn                C - ring "Zozy Zama" {Fly Slay+4}

@: strong-willed, flying, mesmerised, regenerating
A: fangs 3, regeneration 1, magic shield, antimagic bite, no potion heal 2
a: Renounce Religion, Berserk, Trog's Hand


You were on level 6 of the Dungeon.
You worshipped Trog.
Trog was most pleased with you.
You visited 1 branch of the dungeon, and saw 6 of its levels.

You collected 325 gold pieces.
You spent 277 gold pieces at shops.

Inventory:

Hand Weapons
 k - a +0 flail (weapon)
Armour
 a - a +0 animal skin
 h - a +0 scale mail
 A - a +0 chain mail
 E - the +1 plate armour of Elyvilon's Hatred (worn) {Dex+4}
   (You found it on level 6 of the Dungeon)

   Dex:       It affects your dexterity (+4).
Jewellery
 f - an amulet of reflection
 g - a ring of fire
 p - a +6 ring of dexterity (left hand)
 y - an amulet of faith (around neck)
 C - the ring "Zozy Zama" (right hand) {Fly Slay+4}
   (You bought it in a shop on level 5 of the Dungeon)

   [ring of slaying]

   Slay:      It affects your accuracy & damage with ranged weapons and melee
   (+4).
   Fly:       It grants you flight.
Wands
 w - a wand of quicksilver (5)
Scrolls
 b - a scroll of fear
 c - 3 scrolls of vulnerability {unknown}
 e - a scroll of noise
 l - 2 scrolls of teleportation
 n - 3 scrolls of poison {unknown}
 q - 2 scrolls of silence {unknown}
 r - 2 scrolls of blinking
 s - a scroll of immolation
 B - a scroll of summoning
 D - a scroll of fog
 F - a scroll of magic mapping {unknown}
 G - a scroll of enchant weapon {unknown}
Potions
 d - a potion of might {unknown}
 i - a potion of resistance {unknown}
 j - 4 potions of curing {unknown}
 m - 3 potions of berserk rage {unknown}
 o - a potion of mutation {unknown}
 t - a potion of degeneration {unknown}
 u - a potion of magic {unknown}
 v - 2 potions of haste {unknown}
 x - 2 potions of attraction {unknown}
 z - 2 potions of lignification {unknown}


   Skills:
 - Level 6.9 Fighting
 + Level 9.0 Maces & Flails
 - Level 1.5 Armour
 - Level 1.5 Dodging
 - Level 3.0 Unarmed Combat


You had 8 spell levels left.
You didn't know any spells.
Your spell library was empty.

Dungeon Overview and Level Annotations

Branches:
Dungeon (6/15)             Temple (0/1) D:4

Altars:
Ashenzari
Elyvilon
Kikubaaqudgha
Vehumet
Zin

Shops:
D:5 :*[

Portals:
Abyss: D:3

Annotations:
D:3 2 transporters, GigaChad's ghost, weakling FoFi
D:6 Maggie


Innate Abilities, Weirdness & Mutations

You have razor-sharp teeth.
Your natural rate of healing is unusually fast.
When hurt, damage is shared between your health and your magic reserves.
Your bite disrupts and absorbs the magic of your enemies.
Potions cannot restore your health.


Message History

The gnoll hits you from afar with a +0 spear!
The gnoll hits you but does no damage.
Items here: ))) [ ††.
You barely miss the gnoll. Your punch misses the gnoll. You bite the gnoll.
You drain its power.
You feel invigorated.
The gnoll is heavily wounded.
The gnoll hits you with a +0 spear.
You barely miss the gnoll.
The gnoll is heavily wounded.
The gnoll barely misses you.
You sock the gnoll!
You kill the gnoll!
Trog accepts your kill.
No target in view!
No target in view!
No target in view!
No target in view!
No target in view!
Found 4 stones.
Maggie the Vainglorious comes into view.
She is wielding a +0 glaive.
Maggie shouts!
Maggie mumbles some strange words.
Maggie attempts to bespell you!
You are mesmerised by Maggie!
You cannot move away from Maggie!
You cannot move away from Maggie!
An orc comes into view. It is wielding a +2 heavy flail.
Maggie gestures at you while chanting. The bolt of fire hits you!!
You hear a shout!
Maggie gestures at you while chanting. The bolt of fire hits you!!
* * * LOW HITPOINT WARNING * * *
You are too mesmerised to rage.
You barely miss Maggie. Maggie hits you with a +0 glaive!
* * * LOW HITPOINT WARNING * * *
Your skin crawls.
You feel strong-willed. Maggie hits you with a +0 glaive!
You die...

...............#
#...............#
##...............#
#####............#...#
................###..#
...............## #..#
#............# #).##
#..@....(...# ##))##
#...@......### #..##
#............####....
#....................
#.#.....#####........
#..##.....# ###......
#. ##....# ###.... #
##.... #..... ##o..#
#...... #.... ....##.


You could see Maggie (mesmerising) and an orc.

Vanquished Creatures
  Pikel (D:5)
  Grinder (D:5)
  Eustachio (D:4)
  Menkaure (D:5)
  Edmund (D:5)
  A black bear (D:6)
  A lemure (D:5)
  A bullfrog (D:6)
  A scorpion (D:5)
  3 wights (D:6)
  A howler monkey (D:6)
  2 hounds
  2 orc priests (D:4)
  2 jellies
  2 gnoll boudas
  A sleepcap (D:5)
  Natasha (thrice) (D:2)
  4 orc wizards
  2 iguanas
  13 gnolls
  9 adders
  An ufetubus (D:6)
  A worm (D:3)
  7 dart slugs
  5 orcs
  3 bats
  3 endoplasms
  7 goblins
  6 hobgoblins
  6 jackals
  3 quokkas
  6 ball pythons
  3 frilled lizards
  7 kobolds
  6 rats
117 creatures vanquished.

Notes
Turn   | Place    | Note
-------+----------+-------------------------------------------
     0 | D:1      | Monkooky the Vine Stalker Berserker began the quest for the
                  | Orb.
     0 | D:1      | Reached XP level 1. HP: 11/11 MP: 2/2
    62 | D:1      | Reached XP level 2. HP: 14/16 MP: 3/3
   324 | D:1      | You fall into a shaft and drop 1 floor!
   332 | D:2      | Noticed Natasha
   341 | D:2      | Noticed a crimson imp
   342 | D:2      | Killed Natasha
   343 | D:2      | Reached XP level 3. HP: 7/21 MP: 1/4
   728 | D:1      | Reached ** piety under Trog
   784 | D:2      | Gained mutation: Your natural rate of healing is unusually
                  | fast. [Vine Stalker growth]
   784 | D:2      | Reached XP level 4. HP: 25/25 MP: 3/5
   785 | D:2      | Noticed Natasha
   799 | D:2      | Killed Natasha
  1131 | D:2      | Reached skill level 5 in Fighting
  1160 | D:2      | Reached XP level 5. HP: 30/30 MP: 6/6
  1187 | D:2      | Noticed Natasha
  1199 | D:2      | Killed Natasha
  1454 | D:3      | Found a one-way gate to the infinite horrors of the Abyss.
  1454 | D:3      | Noticed GigaChad's ghost (weakling FoFi)
  1459 | D:3      | Found a transporter.
  1470 | D:3      | Found a transporter.
  1514 | D:3      | Found a white marble altar of Elyvilon.
  1848 | D:3      | Found an ancient bone altar of Kikubaaqudgha.
  1851 | D:3      | Found a broken altar of Ashenzari.
  1858 | D:3      | Found a glowing silver altar of Zin.
  1927 | D:4      | Reached XP level 6. HP: 17/36 MP: 1/7
  2063 | D:4      | Found a staircase to the Ecumenical Temple.
  2155 | D:4      | Found a radiant altar of Vehumet.
  2203 | D:4      | Reached *** piety under Trog
  2552 | D:4      | Noticed Eustachio
  2578 | D:4      | Killed Eustachio
  2579 | D:4      | Reached skill level 2 in Maces & Flails
  2579 | D:4      | Reached XP level 7. HP: 38/41 MP: 8/8
  2727 | D:5      | Entered Level 5 of the Dungeon
  2794 | D:5      | Found Viot's Book Emporium.
  2803 | D:5      | Reached skill level 3 in Maces & Flails
  2945 | D:5      | Noticed Menkaure
  2951 | D:5      | Killed Menkaure
  2952 | D:5      | Reached skill level 4 in Maces & Flails
  3023 | D:5      | Gained mutation: You have razor-sharp teeth. [Vine Stalker
                  | growth]
  3023 | D:5      | Reached XP level 8. HP: 24/45 MP: 6/9
  3141 | D:5      | Noticed Edmund
  3151 | D:5      | Killed Edmund
  3152 | D:5      | Reached skill level 5 in Maces & Flails
  3764 | D:5      | Noticed Pikel
  3784 | D:5      | Killed Pikel
  3785 | D:5      | Reached skill level 7 in Maces & Flails
  3787 | D:5      | Found Panum's Assorted Antiques.
  3824 | D:5      | Noticed Grinder
  3835 | D:5      | Bought a faintly glowing steel ring for 140 gold pieces
  3835 | D:5      | Identified the ring "Zozy Zama" {Fly Slay+4} (You bought it
                  | in a shop on level 5 of the Dungeon)
  3835 | D:5      | Bought a scroll labelled FICLEUXUUPP for 28 gold pieces
  3835 | D:5      | Bought a scroll labelled XUOXZIAXYSH for 28 gold pieces
  3835 | D:5      | Bought a scroll labelled XAAPRIHULI for 28 gold pieces
  3835 | D:5      | Bought a scroll labelled DAMIOR JUPN for 28 gold pieces
  3835 | D:5      | Bought a murky dark potion for 25 gold pieces
  3839 | D:5      | Killed Grinder
  3840 | D:5      | Reached skill level 8 in Maces & Flails
  3840 | D:5      | Reached XP level 9. HP: 49/49 MP: 10/10
  3996 | D:5      | Found Maneu's Armour Shoppe.
  4368 | D:6      | Identified the +1 plate armour of Elyvilon's Hatred {Dex+4}
  4691 | D:6      | Reached skill level 9 in Maces & Flails
  4730 | D:6      | Noticed Maggie
  4737 | D:6      | Slain by Maggie

Illustrated notes

Levels and vault maps discovered:
D:1:      saegor_arrival_miasma, layout_basic
D:2:      layout_basic, fountainhead, uniq_natasha
D:3:      layout_rooms, grunt_temple_overflow_diamond, elyvilon_altar_5,
          gammafunk_ghost_abyssal_escape
D:4:      layout_loops_ring, vehumet_crystals, minmay_temple_entry_trees,
          kennysheep_generic_room_12, uniq_eustachio
D:5:      layout_layer_cave, serial_shops, nicolae_stop_n_shop_1, shop, shop,
          kennysheep_path_1, uniq_pikel, uniq_grinder, uniq_edmund,
          uniq_menkaure
D:6:      layout_layer_cave, chequers_serial_rivers_large_a, uniq_maggie

Skill      XL: |  1  2  3  4  5  6  7  8  9 |
---------------+----------------------------+-----
Fighting       | 3 4 5 6 |  6.9
Maces & Flails | 2 4 8 9 |  9.0
Armour         | |  1.5
Dodging        | |  1.5
Unarmed Combat | |  3.0

Action                     |  1- 3 |  4- 6 |  7- 9 || total
---------------------------+-------+-------+-------++-------
  Melee: Unarmed           |    59 |       |       ||    59
         Bite              |    21 |    36 |    34 ||    91
         Punch             |     1 |       |     2 ||     3
         Flail             |    12 |   158 |   136 ||   306
 Invoke: Berserk           |     1 |     2 |     2 ||     5
         Trog's Hand       |       |       |     2 ||     2
    Use: Scroll            |       |     1 |     5 ||     6
 Armour: Animal skin       |     9 |       |       ||     9
         Scale mail        |     3 |    63 |     7 ||    73
         Chain mail        |       |       |    15 ||    15
         Plate armour      |       |       |    25 ||    25
  Dodge: Dodged            |    45 |    80 |    54 ||   179
  Block: Other             |     6 |    46 |    14 ||    66
         Reflection        |       |     1 |       ||     1

Table legend: (Time is in decaauts)
 A = Elapsed time spent in this place.
 B = Non-inter-level travel time spent in this place.
 C = Inter-level travel time spent in this place.
 D = Time resting spent in this place.
 E = Time spent auto-exploring this place.
 F = Levels seen in this place.
 G = Mean time per level.
                   A        B        C        D        E       F      G
               +--------+--------+--------+--------+--------+-----+--------+
         Total |   4867 |   4683 |    184 |    149 |   3544 |   6 |  811.2 |
       Dungeon |   4867 |   4683 |    184 |    149 |   3544 |   6 |  811.2 |
               +--------+--------+--------+--------+--------+-----+--------+

Top non-repeatable levels by time:
     D:5: 1621 daAuts
     D:4: 851 daAuts
     D:2: 837 daAuts
     D:1: 624 daAuts
     D:3: 537 daAuts
     D:6: 394 daAuts
